PBL
ARIZONA DIAMONDBACKS @ CHICAGO WHITE SOX
08/07/2070
 
TOP OF THE 1ST
Arizona Diamondbacks batting - Pitching for Chicago White Sox : RHP Don Brown
Pitching: RHP Don Brown
Batting: LHB Pat Phillips 0-0: Ball
1-0: Ground out 5-3 (Groundball, 56, EV 85.0 MPH)
Batting: SHB Yang Siu 0-0: Ball
1-0: Foul Ball, location: 7LSF
1-1: Ground out 5-3 (Groundball, 6, EV 91.3 MPH)
Batting: SHB David Peters 0-0: Ball
1-0: Foul Ball, location: 25FF
1-1: Fly out, F9 (Flyball, 89S, EV 91.9 MPH)
Top of the 1st over - 0 runs, 0 hits, 0 errors, 0 left on base; Arizona 0 - Chicago 0
BOTTOM OF THE 1ST
Chicago White Sox batting - Pitching for Arizona Diamondbacks : LHP Reggie Gijbels
Pitching: LHP Reggie Gijbels
Batting: RHB Roberto Moelroy 0-0: Ball
1-0: Ball
2-0: Foul Ball, location: 2F
2-1: Called Strike
2-2: Strikes out swinging
Batting: RHB Roy López 0-0: Called Strike
0-1: Foul Ball, location: 3SF
0-2: Fly out, F9 (Flyball, 9LM, EV 108.1 MPH)
Batting: LHB Jorge Castaneda 0-0: Ball
1-0: SINGLE (Line Drive, 5D, EV 99.4 MPH)
Batting: RHB Bernardo López 0-0: Called Strike
0-1: Fly out, F9 (Flyball, 9, EV 83.8 MPH)
Bottom of the 1st over - 0 runs, 1 hit, 0 errors, 1 left on base; Arizona 0 - Chicago 0
TOP OF THE 2ND
Arizona Diamondbacks batting - Pitching for Chicago White Sox : RHP Don Brown
Batting: SHB John Briggs 0-0: Called Strike
0-1: Ball
1-1: Ball
2-1: Foul Ball, location: 2F
2-2: Foul Ball, location: 9LSF
2-2: Ball
3-2: Fly out, F7 (Flyball, 7D, EV 99.4 MPH)
Batting: RHB Ángel Pérez 0-0: Ball
1-0: Fly out, F6 (Line Drive, 6M, EV 67.5 MPH)
Batting: SHB Patrick Jennings 0-0: Ball
1-0: Ball
2-0: Swinging Strike
2-1: Ball
3-1: Base on Balls
Batting: RHB Rafael Morales 0-0: Ball
Patrick Jennings is caught stealing 2nd base 2-4
Top of the 2nd over - 0 runs, 0 hits, 0 errors, 0 left on base; Arizona 0 - Chicago 0
BOTTOM OF THE 2ND
Chicago White Sox batting - Pitching for Arizona Diamondbacks : LHP Reggie Gijbels
Batting: LHB John Mrazek 0-0: Foul Ball, location: 2F
0-1: Foul Ball, location: 2F
0-2: Foul Ball, location: 2F
0-2: Ball
1-2: Ground out 4-3 (Groundball, 4, EV 81.3 MPH)
Batting: RHB Martín Otero 0-0: Ball
1-0: Ball
2-0: Ball
3-0: Base on Balls
Batting: LHB Jesse Vega 0-0: Ball
1-0: Swinging Strike
Martín Otero steals 2nd base
1-1: Foul Ball, location: 2F
1-2: Foul Ball, location: 3SF
1-2: Ground out U3 (Groundball, 3, EV 86.9 MPH)
Martín Otero to third
Batting: RHB Vince Gielens 0-0: Swinging Strike
0-1: Ball
1-1: Foul Ball, location: 3SF
1-2: SINGLE (Flyball, 34D, EV 90.6 MPH)
Martín Otero scores
Batting: LHB Joe Hutchens 0-0: Ball
1-0: Ball
Vince Gielens is caught stealing 2nd base 2-6
Bottom of the 2nd over - 1 run, 1 hit, 0 errors, 0 left on base; Arizona 0 - Chicago 1
TOP OF THE 3RD
Arizona Diamondbacks batting - Pitching for Chicago White Sox : RHP Don Brown
Batting: RHB Rafael Morales 0-0: Fly out, F9 (Flyball, 9LSF, EV 76.9 MPH)
Batting: RHB Ismael Pérez 0-0: Ball
1-0: Ball
2-0: Called Strike
2-1: Ball
3-1: Base on Balls
Batting: LHB Jim Andrés 0-0: Swinging Strike
0-1: Swinging Strike
0-2: DOUBLE (Line Drive, 7LM, EV 107.5 MPH)
Ismael Pérez to third
Batting: LHB Pat Phillips 0-0: Ball
1-0: Fly out, F2 (Popup, 5SF, EV 83.8 MPH)
Batting: SHB Yang Siu 0-0: Swinging Strike
0-1: Ball
1-1: Ground out 4-3 (Groundball, 4, EV 86.3 MPH)
Top of the 3rd over - 0 runs, 1 hit, 0 errors, 2 left on base; Arizona 0 - Chicago 1
BOTTOM OF THE 3RD
Chicago White Sox batting - Pitching for Arizona Diamondbacks : LHP Reggie Gijbels
Batting: LHB Joe Hutchens 0-0: Called Strike
0-1: Foul Ball, location: 2F
0-2: Ball
1-2: Ball
2-2: Fly out, F7 (Flyball, 7LSF, EV 91.3 MPH)
Batting: RHB Roberto Moelroy 0-0: Ball
1-0: Called Strike
1-1: Foul Ball, location: 3SF
1-2: Ball
2-2: Ball
3-2: Fly out, F8 (Flyball, 78D, EV 91.9 MPH)
Batting: RHB Roy López 0-0: Ball
1-0: Called Strike
1-1: Swinging Strike
1-2: Strikes out looking
Bottom of the 3rd over - 0 runs, 0 hits, 0 errors, 0 left on base; Arizona 0 - Chicago 1
TOP OF THE 4TH
Arizona Diamondbacks batting - Pitching for Chicago White Sox : RHP Don Brown
Batting: SHB David Peters 0-0: Foul Ball, location: 7LSF
0-1: Fly out, F8 (Flyball, 8LD, EV 98.1 MPH)
Batting: SHB John Briggs 0-0: Ball
1-0: Ball
2-0: Called Strike
2-1: SOLO HOME RUN (Line Drive, 89XD, EV 108.8 MPH), Distance : 394 ft
Batting: RHB Ángel Pérez 0-0: Called Strike
0-1: Fly out, F8 (Flyball, 8LS, EV 87.5 MPH)
Batting: SHB Patrick Jennings 0-0: Ball
1-0: Foul Ball, location: 2F
1-1: Ball
2-1: Swinging Strike
2-2: Ball
3-2: TRIPLE (Flyball, 9LD, EV 111.3 MPH)
Batting: RHB Rafael Morales 0-0: Foul Ball, location: 7LMF
0-1: Ball
1-1: Ground out 6-3 (Groundball, 6, EV 88.1 MPH)
Top of the 4th over - 1 run, 2 hits, 0 errors, 1 left on base; Arizona 1 - Chicago 1
BOTTOM OF THE 4TH
Chicago White Sox batting - Pitching for Arizona Diamondbacks : LHP Reggie Gijbels
Batting: LHB Jorge Castaneda 0-0: Ball
1-0: SINGLE (Line Drive, 6M, EV 95.6 MPH)
Batting: RHB Bernardo López 0-0: Called Strike
0-1: Called Strike
0-2: Ball
1-2: Ball
2-2: Fielders Choice at 2nd, 6-4 (Groundball, 6, EV 103.1 MPH)
Batting: LHB John Mrazek 0-0: Ball
1-0: Called Strike
1-1: Fielders Choice at 2nd, 4-6 (Groundball, 4, EV 102.5 MPH)
Batting: RHB Martín Otero 0-0: Foul Ball, location: 3SF
0-1: Ball
1-1: DOUBLE (Flyball, 78D, EV 103.8 MPH)
John Mrazek to third
Batting: LHB Jesse Vega 0-0: Ground out 4-3 (Groundball, 4, EV 89.4 MPH)
Bottom of the 4th over - 0 runs, 2 hits, 0 errors, 2 left on base; Arizona 1 - Chicago 1
TOP OF THE 5TH
Arizona Diamondbacks batting - Pitching for Chicago White Sox : RHP Don Brown
Batting: RHB Ismael Pérez 0-0: Foul Ball, location: 2F
0-1: Called Strike
0-2: Ball
1-2: Ground out 6-3 (Groundball, P, EV 83.8 MPH)
Batting: LHB Jim Andrés 0-0: Ball
1-0: Fly out, F1 (Line Drive, P, EV 65.6 MPH)
Batting: LHB Pat Phillips 0-0: Called Strike
0-1: Foul Ball, location: 7LMF
0-2: Ball
1-2: DOUBLE (Flyball, 78XD, EV 106.9 MPH)
Batting: SHB Yang Siu 0-0: Ball
1-0: Swinging Strike
1-1: Ball
2-1: Ball
3-1: Foul Ball, location: 9LMF
3-2: Base on Balls
Batting: SHB David Peters 0-0: Foul Ball, location: 2F
0-1: Ball
1-1: Swinging Strike
1-2: Ball
2-2: SINGLE (Groundball, 34D, EV 101.9 MPH)
Pat Phillips to third
Yang Siu to second
Runner from 3rd tries for Home, SAFE, throw by RF to home
Batting: SHB John Briggs 0-0: Called Strike
0-1: Ball
1-1: Ball
2-1: Ball
3-1: Base on Balls
Yang Siu to third
David Peters to second
Batting: RHB Ángel Pérez 0-0: Ball
1-0: Ball
2-0: Called Strike
2-1: Swinging Strike
2-2: Ball
3-2: Fly out, F9 (Flyball, 89M, EV 91.3 MPH)
Top of the 5th over - 1 run, 2 hits, 0 errors, 3 left on base; Arizona 2 - Chicago 1
BOTTOM OF THE 5TH
Chicago White Sox batting - Pitching for Arizona Diamondbacks : LHP Reggie Gijbels
Batting: RHB Vince Gielens 0-0: Ground out U3 (Groundball, 3S, EV 63.8 MPH)
Batting: LHB Joe Hutchens 0-0: Ball
1-0: Foul Ball, location: 5DF
1-1: Called Strike
1-2: Ball
2-2: Strikes out swinging
Batting: RHB Roberto Moelroy 0-0: Fly out, F9 (Flyball, 9LD, EV 90.6 MPH)
Bottom of the 5th over - 0 runs, 0 hits, 0 errors, 0 left on base; Arizona 2 - Chicago 1
TOP OF THE 6TH
Arizona Diamondbacks batting - Pitching for Chicago White Sox : RHP Don Brown
Pitching: RHP Grady Dixon
Batting: SHB Patrick Jennings 0-0: Called Strike
0-1: Ball
1-1: Called Strike
1-2: Ball
2-2: Ball
3-2: Foul Ball, location: 3F
3-2: Base on Balls
Batting: RHB Rafael Morales 0-0: Foul Ball, location: 9LSF
0-1: Called Strike
0-2: Foul Ball, location: 2RF
0-2: Foul Ball, location: 5F
0-2: Fly out, F9 (Flyball, 9, EV 90.0 MPH)
Batting: RHB Ismael Pérez 0-0: Ball
1-0: SINGLE (Line Drive, 9LM, EV 104.4 MPH)
Patrick Jennings to second
Batting: LHB Jim Andrés 0-0: Fly out, F7 (Flyball, 7, EV 81.9 MPH)
Batting: LHB Pat Phillips 0-0: Swinging Strike
0-1: Ground out 5-3 (Groundball, 15, EV 83.1 MPH)
Top of the 6th over - 0 runs, 1 hit, 0 errors, 2 left on base; Arizona 2 - Chicago 1
BOTTOM OF THE 6TH
Chicago White Sox batting - Pitching for Arizona Diamondbacks : LHP Reggie Gijbels
Batting: RHB Roy López 0-0: Foul Ball, location: 3F
0-1: Called Strike
0-2: Ball
1-2: Fly out, F7 (Flyball, 7D, EV 101.3 MPH)
Batting: LHB Jorge Castaneda 0-0: Called Strike
0-1: Ball
1-1: Swinging Strike
1-2: Foul Ball, location: 23FF
1-2: Foul Ball, location: 2F
1-2: SINGLE (Groundball, 13S, EV 70.6 MPH) (infield hit)
Batting: RHB Bernardo López 0-0: Foul Ball, location: 9LSF
0-1: Foul Ball, location: 7LDF
0-2: Foul Ball, location: 2F
0-2: Fly out, F9 (Flyball, 89M, EV 91.3 MPH)
Batting: LHB John Mrazek 0-0: Fly out, F4 (Popup, 4MS, EV 79.4 MPH)
Bottom of the 6th over - 0 runs, 1 hit, 0 errors, 1 left on base; Arizona 2 - Chicago 1
TOP OF THE 7TH
Arizona Diamondbacks batting - Pitching for Chicago White Sox : RHP Grady Dixon
Batting: SHB Yang Siu 0-0: Called Strike
0-1: Called Strike
0-2: Fly out, F5 (Popup, 56, EV 80.0 MPH)
Batting: SHB David Peters 0-0: DOUBLE (Flyball, 78D, EV 99.4 MPH)
Batting: SHB John Briggs 0-0: SINGLE (Groundball, 34D, EV 103.1 MPH)
David Peters to third
Runner from 3rd tries for Home, SAFE, throw by RF to home
Batting: RHB Ángel Pérez 0-0: 2-RUN HOME RUN (Line Drive, 8LXD, EV 100.0 MPH), Distance : 419 ft
Pitching: LHP Yuan Xue
Batting: SHB Patrick Jennings 0-0: Ball
1-0: Foul Ball, location: 2F
1-1: Ball
2-1: Foul Ball, location: 2F
2-2: Foul Ball, location: 3F
2-2: Ball
3-2: Ground out 1-3 (Groundball, 13S, EV 66.9 MPH)
Batting: RHB Rafael Morales 0-0: Foul Ball, location: 23F
0-1: Ball
1-1: Ball
2-1: Foul Ball, location: 3DF
2-2: Ball
3-2: Foul Ball, location: 5FF
3-2: Foul Ball, location: 2F
3-2: Fly out, F8 (Flyball, 89D, EV 101.9 MPH)
Top of the 7th over - 3 runs, 3 hits, 0 errors, 0 left on base; Arizona 5 - Chicago 1
BOTTOM OF THE 7TH
Chicago White Sox batting - Pitching for Arizona Diamondbacks : LHP Reggie Gijbels
Batting: RHB Martín Otero 0-0: Ground out 6-3 (Groundball, 6, EV 85.0 MPH)
Pitching: LHP Manny Nieto
Batting: LHB Jesse Vega 0-0: Called Strike
0-1: Ball
1-1: Ball
2-1: Called Strike
2-2: Strikes out swinging
Batting: RHB Vince Gielens 0-0: Called Strike
0-1: Called Strike
0-2: Ball
1-2: Ball
2-2: Foul Ball, location: 2RF
2-2: Foul Ball, location: 3FF
2-2: SINGLE (Flyball, 6MD, EV 91.9 MPH) - OUT at second base trying to stretch hit.
Bottom of the 7th over - 0 runs, 1 hit, 0 errors, 0 left on base; Arizona 5 - Chicago 1
TOP OF THE 8TH
Arizona Diamondbacks batting - Pitching for Chicago White Sox : LHP Yuan Xue
Batting: RHB Ismael Pérez 0-0: Foul Ball, location: 5F
0-1: Foul Ball, location: 2F
0-2: Ball
1-2: SINGLE (Groundball, 4D, EV 101.3 MPH)
Batting: LHB Jim Andrés 0-0: Called Strike
0-1: Swinging Strike
0-2: Ball
1-2: Foul Ball, location: 2F
1-2: Strikes out swinging
Batting: LHB Pat Phillips 0-0: Ball
1-0: Ball
2-0: Ball
3-0: Called Strike
3-1: Foul Ball, location: 5FF
3-2: Strikes out looking
Pitching: RHP Rob Reynolds
Batting: SHB Yang Siu 0-0: Called Strike
0-1: Hit by Pitch
Ismael Pérez to second
Batting: SHB David Peters 0-0: Called Strike
0-1: Called Strike
0-2: Ball
1-2: Ball
2-2: Foul Ball, location: 2F
2-2: Fly out, F7 (Flyball, 7LSF, EV 74.4 MPH)
Top of the 8th over - 0 runs, 1 hit, 0 errors, 2 left on base; Arizona 5 - Chicago 1
BOTTOM OF THE 8TH
Chicago White Sox batting - Pitching for Arizona Diamondbacks : LHP Manny Nieto
Batting: LHB Joe Hutchens 0-0: Swinging Strike
0-1: Ball
1-1: Ball
2-1: Called Strike
2-2: Ball
3-2: Strikes out swinging
Batting: RHB Roberto Moelroy 0-0: Ball
1-0: Foul Ball, location: 7LMF
1-1: Ball
2-1: Ball
3-1: Base on Balls
Batting: RHB Roy López 0-0: Ball
1-0: SINGLE (Groundball, 6MD, EV 97.5 MPH)
Roberto Moelroy to second
Runner from 2nd tries for 3rd, SAFE, throw by CF made to third
Batting: LHB Jorge Castaneda 0-0: Called Strike
0-1: Ball
1-1: Foul Ball, location: 3DF
1-2: Strikes out swinging
Batting: RHB Bernardo López 0-0: Ball
1-0: Ball
2-0: Called Strike
2-1: Fly out, F5 (Popup, 25F, EV 93.1 MPH)
Bottom of the 8th over - 0 runs, 1 hit, 0 errors, 2 left on base; Arizona 5 - Chicago 1
TOP OF THE 9TH
Arizona Diamondbacks batting - Pitching for Chicago White Sox : RHP Rob Reynolds
Batting: SHB John Briggs 0-0: Swinging Strike
0-1: Called Strike
0-2: Ball
1-2: Ball
2-2: Ball
3-2: Foul Ball, location: 7LMFF
3-2: Strikes out swinging
Batting: RHB Ángel Pérez 0-0: Called Strike
0-1: Ground out 6-3 (Groundball, P, EV 89.4 MPH)
Batting: SHB Patrick Jennings 0-0: Ball
1-0: Foul Ball, location: 25F
1-1: SINGLE (Line Drive, 9S, EV 110.6 MPH)
Batting: RHB Rafael Morales 0-0: Fly out, F2 (Popup, 2RF, EV 89.4 MPH)
Top of the 9th over - 0 runs, 1 hit, 0 errors, 1 left on base; Arizona 5 - Chicago 1
BOTTOM OF THE 9TH
Chicago White Sox batting - Pitching for Arizona Diamondbacks : LHP Manny Nieto
Pitching: LHP Luis Contreras
Batting: LHB John Mrazek 0-0: Swinging Strike
0-1: Fly out, F6 (Popup, 6MS, EV 78.8 MPH)
Batting: RHB Martín Otero 0-0: Ball
1-0: Fly out, F4 (Popup, 4M, EV 56.3 MPH)
Batting: LHB Jesse Vega 0-0: Ground out 4-3 (Groundball, 34D, EV 107.5 MPH)
Bottom of the 9th over - 0 runs, 0 hits, 0 errors, 0 left on base; Arizona 5 - Chicago 1
Thursday, February 8th , 2024 - OOTP Baseball 24.10 Build 82